 Dungeon Crawl Stone Soup version 0.23-a0-690-g0a1fc62 (webtiles) character file.

4671 galech the Cleaver (level 10, -11/79 HPs)
             Began as a Demonspawn Fighter on Jan 11, 2019.
             Was an Elder of Okawaru.
             Killed from afar by Erica (13 damage)
             ... with a bolt of poison
             ... on level 8 of the Dungeon.
             The game lasted 00:08:50 (6564 turns).

galech the Cleaver (Demonspawn Fighter)             Turns: 6564, Time: 00:08:51

Health: -11/79     AC: 15    Str: 17    XL:     10   Next: 21%
Magic:  9/10       EV:  4    Int: 13    God:    Okawaru [****..]
Gold:   533        SH: 10    Dex: 15    Spells: 9/9 levels left

rFire    + . .     SeeInvis .   G - +4 hand axe
rCold    . . .     Gourm    .   c - +0 shield
rNeg     + . .     Faith    .   d - +0 plate armour
rPois    .         Spirit   .   (no helmet)
rElec    .         Reflect  .   v - +0 cloak
rCorr    .         Harm     .   (no gloves)
MR       ++...                  (no boots)
Stlth    ..........             g - amulet of regeneration
HPRegen  0.63/turn              C - +3 ring of intelligence
MPRegen  0.12/turn              E - ring "Vidis" {+Fly rF+ rC- rN+ MR++}

@: lethally poisoned (-11 -> -21)
A: talons 2, rugged brown scales 1, cold resistance 1, icemail, freezing cloud
immunity
a: Heroism, Renounce Religion, Evoke Flight


You were on level 8 of the Dungeon.
You worshipped Okawaru.
Okawaru was greatly pleased with you.
You were near starving.

You visited 2 branches of the dungeon, and saw 9 of its levels.

You collected 533 gold pieces.

Inventory:

Hand Weapons
 t - a +1 falchion of venom
 G - a +4 hand axe (weapon)
Armour
 c - a +0 shield (worn)
 d - a +0 plate armour (worn)
 v - a +0 cloak (worn)
Jewellery
 g - an amulet of regeneration (around neck)
 C - a +3 ring of intelligence (left hand)
 D - an uncursed ring of fire
 E - the ring "Vidis" (right hand) {+Fly rF+ rC- rN+ MR++}
   (You found it on level 7 of the Dungeon)

   [ring of flight]

   It protects you from fire.
   It makes you vulnerable to cold.
   It protects you from negative energy.
   It affects your resistance to hostile enchantments.
   It lets you fly.
Wands
 r - a wand of acid (8)
Scrolls
 h - 2 scrolls of remove curse
 j - 3 scrolls of fear
 o - 3 scrolls of teleportation
 p - a scroll of magic mapping
 s - a scroll of random uselessness
 u - 2 scrolls of blinking
 x - a scroll of enchant weapon
 y - a scroll of fog
 B - a scroll of enchant armour {unknown}
Potions
 e - a potion of lignification {unknown}
 i - 4 potions of degeneration {unknown}
 k - a potion of cancellation {unknown}
 l - 9 potions of curing {unknown}
 m - 2 potions of agility {unknown}
 q - a potion of brilliance {unknown}
 w - a potion of invisibility {unknown}
 z - a potion of ambrosia {unknown}
 A - 2 potions of heal wounds {unknown}
Comestibles
 f - 15 rations


   Skills:
 + Level 6.4 Fighting
 + Level 8.9 Axes
 + Level 7.0 Armour
 + Level 2.0 Dodging
 + Level 0.5 Stealth
 + Level 6.7 Shields
 + Level 1.0 Invocations


You had 9 spell levels left.
You didn't know any spells.
Your spell library contained the following spells:

 Spells                   Type           Power        Failure   Level  Hunger
 Confusing Touch          Hex            #.....       100%        1    ##.....
 Confuse                  Hex            #.......     100%        3    ####...
 Gell's Gravitas          Tloc           #.........   100%        3    ####...
 Petrify                  Tmut/Erth      #.......     100%        4    #####..
 Metabolic Englaciation   Hex/Ice        #.........   100%        5    ######.
 Yara's Violent Unravell  Hex/Tmut       #.........   100%        5    ######.


Dungeon Overview and Level Annotations

Branches:
Dungeon (8/15)             Temple (1/1) D:4
   Lair: D:8-11

Altars:
Ashenzari
Cheibriados
Dithmenos
Elyvilon
Fedhas
Gozag
Hepliaklqana
Makhleb
Nemelex Xobeh
Okawaru
Ru
Sif Muna
Vehumet
Wu Jian
Xom
Yredelemnul

Annotations:
D:8 Erica


Innate Abilities, Weirdness & Mutations

You have razor-sharp toenails.
You are partially covered in rugged brown scales. (AC +1, +3% HP)
Your flesh is cold resistant. (rC+)
A meltable icy envelope protects you from harm. (AC +0)
You are immune to freezing clouds.


Message History

You claw something.
The centaur wields a +0 shortbow.
The centaur shoots an arrow.
The arrow hits you.
* * * LOW HITPOINT WARNING * * *
Something hits you.
* * * LOW HITPOINT WARNING * * *
You miss something.
You feel sick.
The centaur shoots an arrow.
You block the arrow. Something hits you but does no damage.
You hit something. You claw something.
You feel sick.
The centaur shoots an arrow.
You block the arrow.
You closely miss something.
You feel like a meek peon again. Something hits you but does no damage.
The centaur shoots an arrow.
The arrow hits you.
* * * LOW HITPOINT WARNING * * *
You hit something.
You feel sick.
You hear some strange, mumbled words.
A bolt of poison appears from out of thin air!
The bolt of poison hits you!
You are lethally poisoned!
You die...

#...###.# ..###...###
###%..###.. ###..%###
#.## ###....##!. ..?#
##....#.##.###..###
###..##.?.##.#....c.
#....####.##.#.#{.#
......# #.##.#.#@.#
##.##.#
#.##......###.#
##.##.#
#.............#
#.##.###.#.##..#######
#.........###.##
####.###.## .$#
#.##.## .#.. #.#.##
....# ###..## .# .##


You could see a centaur.

Vanquished Creatures
  Pikel (D:6)
  Maurice (D:8)
  Grinder (D:6)
  2 hippogriffs
  A yak (D:7)
  A human (D:7)
  A hungry ghost (D:7)
  3 hogs (D:7)
  Menkaure (D:6)
  Edmund (D:6)
  2 ice beasts
  A sky beast (D:5)
  2 slaves (D:6)
  3 phantoms
  3 centaurs
  A gnoll sergeant (D:8)
  3 bullfrogs
  2 scorpions (D:4)
  A water moccasin skeleton (D:7)
  3 killer bees (D:8)
  2 centaur zombies
  5 hounds
  A bullfrog skeleton (D:6)
  4 orc priests
  8 orc wizards
  A worker ant (D:4)
  A killer bee zombie (D:6)
  A hound zombie (D:5)
  A hound skeleton (D:7)
  A howler monkey zombie (D:8)
  A worker ant zombie (D:8)
  7 gnolls
  8 adders
  3 shadow imps
  3 oozes
  2 worms (D:2)
  2 dart slugs
  3 leopard geckos
  18 orcs
  7 giant cockroaches
  8 goblins
  5 hobgoblins
  9 jackals
  2 quokkas
  A ball python (D:4)
  9 bats
  7 frilled lizards
  8 kobolds
  4 rats
166 creatures vanquished.

Vanquished Creatures (others)
  A howler monkey skeleton (D:7)
1 creature vanquished.

Grand Total: 167 creatures vanquished

Notes
Turn   | Place    | Note
-------+----------+-------------------------------------------
     0 | D:1      | galech the Demonspawn Fighter began the quest for the Orb.
     0 | D:1      | Reached XP level 1. HP: 18/18 MP: 1/1
    74 | D:1      | Gained mutation: Your flesh is cold resistant. (rC+)
                  | [demonic ancestry]
    74 | D:1      | Reached XP level 2. HP: 2/24 MP: 2/2
   501 | D:1      | Reached skill level 2 in Axes
   793 | D:2      | Gained mutation: You are immune to freezing clouds.
                  | [demonic ancestry]
   793 | D:2      | Reached XP level 3. HP: 29/29 MP: 3/3
  1261 | D:2      | Gained mutation: You have sharp toenails. [demonic
                  | ancestry]
  1261 | D:2      | Reached XP level 4. HP: 35/35 MP: 4/4
  1539 | D:2      | Reached skill level 3 in Axes
  1540 | D:2      | Reached XP level 5. HP: 4/41 MP: 5/5
  2321 | D:3      | Found a snail-covered altar of Cheibriados.
  2325 | D:3      | Reached skill level 1 in Dodging
  2768 | D:4      | Gained mutation: You have razor-sharp toenails. [demonic
                  | ancestry]
  2768 | D:4      | Reached XP level 6. HP: 44/47 MP: 6/6
  3011 | D:4      | Found a staircase to the Ecumenical Temple.
  3032 | Temple   | Entered the Ecumenical Temple
  3104 | Temple   | Became a worshipper of Warmaster Okawaru
  3325 | D:4      | Found a burning altar of Makhleb.
  3455 | D:5      | Entered Level 5 of the Dungeon
  3492 | D:5      | Noticed a sky beast
  3507 | D:5      | Killed a sky beast
  3507 | D:5      | Reached skill level 4 in Axes
  3507 | D:5      | Reached XP level 7. HP: 11/54 MP: 7/7
  3964 | D:6      | Reached * piety under Okawaru
  4137 | D:6      | Reached skill level 5 in Axes
  4256 | D:6      | Noticed Menkaure
  4264 | D:6      | Killed Menkaure
  4264 | D:6      | Reached XP level 8. HP: 17/61 MP: 8/8
  4433 | D:6      | Reached ** piety under Okawaru
  4452 | D:6      | Reached skill level 5 in Armour
  4452 | D:6      | Reached skill level 5 in Shields
  4469 | D:6      | Noticed Edmund
  4481 | D:6      | Killed Edmund
  4683 | D:6      | Reached skill level 5 in Fighting
  4683 | D:6      | Reached skill level 6 in Axes
  4797 | D:6      | Noticed Grinder
  4810 | D:6      | Killed Grinder
  5077 | D:7      | Noticed Pikel
  5118 | D:6      | Killed Pikel
  5118 | D:6      | Reached *** piety under Okawaru
  5118 | D:6      | Reached skill level 7 in Axes
  5118 | D:6      | Gained mutation: You are partially covered in rugged brown
                  | scales. (AC +1, +3% HP) [demonic ancestry]
  5118 | D:6      | Reached XP level 9. HP: 49/70 MP: 9/9
  5548 | D:7      | Found a white marble altar of Elyvilon.
  5550 | D:7      | Found a radiant altar of Vehumet.
  5779 | D:7      | Got a faintly glowing amber ring
  5792 | D:7      | Reached **** piety under Okawaru
  5909 | D:7      | Reached skill level 8 in Axes
  6021 | D:7      | Identified the ring "Vidis" {+Fly rF+ rC- rN+ MR++} (You
                  | found it on level 7 of the Dungeon)
  6209 | D:8      | Noticed Maurice
  6293 | D:8      | Gained mutation: A meltable icy envelope protects you from
                  | harm. (AC +0) [demonic ancestry]
  6293 | D:8      | Reached XP level 10. HP: 79/79 MP: 10/10
  6481 | D:8      | Killed Maurice
  6514 | D:8      | Reached skill level 1 in Invocations
  6537 | D:8      | Noticed Erica
  6563 | D:8      | HP: 3/79 [centaur/arrow (2)]
  6564 | D:8      | Killed from afar by Erica

Vault maps used:
D:1:      dpeg_arrival_tiny_a
D:2:      cheibrodos_pilgrimage, supply_closet_lemuel
D:3:      cheibriados_altar_1, first_ration
D:4:      minmay_angry_zag, minmay_temple_entry_hall,
          makhleb_blood_cavern_becter
D:6:      uniq_edmund, uniq_grinder, uniq_menkaure
D:7:      chequers_temple_overflow_statue_of_worship, grunt_livestock,
          uniq_pikel
D:8:      minmay_the_grid_triangle_9x9_recursive_2,
          chequers_serial_rivers_large_b, uniq_erica, uniq_maurice
Temple:   dpeg_five_rooms_temple

Skill      XL: |  1  2  3  4  5  6  7  8  9 10 |
---------------+-------------------------------+-----
Shields        | 3 4 5 6 |  6.7
Axes           | 2 3 4 5 7 8 |  8.9
Armour         | 3 4 5 6 7 |  7.0
Dodging        | 1 2 |  2.0
Fighting       | 4 5 6 |  6.4
Invocations    | 1 |  1.0
Stealth        | |  0.5

Action                   |  1- 3 |  4- 6 |  7- 9 | 10-12 || total
-------------------------+-------+-------+-------+-------++-------
Melee: War axe           |    99 |   237 |   245 |       ||   581
       Kick              |       |    43 |    92 |    37 ||   172
       Hand axe          |       |       |    22 |   117 ||   139
Invok: Heroism           |       |       |     1 |     1 ||     2
  Use: Potion            |       |     1 |       |       ||     1
       Scroll            |       |     3 |     6 |       ||     9
  Eat: Chunk             |     1 |     7 |    14 |       ||    22
       Ration            |       |       |     1 |       ||     1
Armor: Scale mail        |    71 |     8 |       |       ||    79
       Plate armour      |       |   210 |   200 |    75 ||   485
Dodge: Dodged            |    39 |    28 |    46 |    12 ||   125
Block: Shield            |    79 |   150 |   160 |    47 ||   436

Table legend:
 A = Non-vault XP
 B = Vault XP
 C = Vault XP percentage of total XP
 D = Non-vault monster count
 E = Vault monster count
 F = Vault count percentage of total count
                 A         B        C        D         E       F
            +---------+---------+-------+---------+---------+-------
      Total |    3756 |    2917 |  43.7 |     140 |      24 |  14.6
            +---------+---------+-------+---------+---------+-------
        D:1 |      34 |       0 |   0.0 |      17 |       0 |   0.0
        D:2 |      71 |      98 |  58.0 |      24 |       7 |  22.6
        D:3 |     128 |       0 |   0.0 |      22 |       0 |   0.0
        D:4 |     298 |      44 |  12.9 |      12 |       3 |  20.0
        D:5 |     332 |       0 |   0.0 |       8 |       0 |   0.0
        D:6 |     812 |    1267 |  60.9 |      27 |       4 |  12.9
        D:7 |    1198 |     992 |  45.3 |      13 |       5 |  27.8
        D:8 |     883 |     516 |  36.9 |      17 |       5 |  22.7
            +---------+---------+-------+---------+---------+-------
